 Dungeon Crawl Stone Soup version 0.30-a0-715-gdb4ae3ece1 (webtiles) character file.

Game seed: 6657973895528945184

1632579 ParallaxScroll the Slayer (level 26, 251/251 HPs)
             Began as a Minotaur Hexslinger on Jan 23, 2023.
             Was a High Priest of Okawaru.
             Escaped with the Orb
             ... and 3 runes on Jan 24, 2023!
             The game lasted 06:08:32 (73377 turns).

ParallaxScroll the Slayer (Minotaur Hexslinger)    Turns: 73377, Time: 06:08:32

Health: 251/251    AC: 50    Str: 32    XL:     26   Next: 62%
Magic:  32/32      EV: 20    Int: 10    God:    Okawaru [*****.]
Gold:   5425       SH: 25    Dex: 23    Spells: 26/27 levels left

rFire   + + .      SeeInvis +    a - +9 broad axe (vamp)
rCold   + + .      Faith    .    v - +5 kite shield of Biduecu {*Slow rN+ Dex+4 Slay+5}
rNeg    + . .      Spirit   .    Z - +11 gold dragon scales
rPois   +          Reflect  .    z - +0 mask of the Dragon {Will+ Slay+3 SInv}
rElec   +          Harm     .    i - +2 cloak {rPois}
rCorr   +          Rampage  +    L - +2 pair of gloves {Dex+3}
Will    +++..                    x - +2 pair of boots {rampage} Stlth
                                 f - amulet of regeneration
HPRegen 1.41/turn                r - ring of the Barnacled God {rF+ rC+ Will+ Str+4 Stlth+}
MPRegen 0.23/turn                k - ring "Soat" {rElec rPois rCorr Str+6 Slay+3}

@: heroic, hasted, studying Ice Magic, very quick
A: horns 2, retaliatory headbutt, screaming 1
0: Orb of Zot
}: 3/15 runes: decaying, silver, gossamer
a: Renounce Religion, Heroism, Finesse, Duel


You escaped.
You worshipped Okawaru.
Okawaru was extremely pleased with you.
You visited 9 branches of the dungeon, and saw 47 of its levels.
You also visited: Ossuary, Ice Cave and Volcano.

You collected 6326 gold pieces.
You spent 901 gold pieces at shops.

Inventory:

Hand Weapons
 a - a +9 vampiric broad axe (weapon)
 b - the +5 war axe "Taeleone" {freeze, rF+ Will+ Str+7 Int-4 Dex-2}
   (You found it on level 1 of the Elven Halls)

   Str:       It affects your strength (+7).
   Int:       It affects your intelligence (-4).
   Dex:       It affects your dexterity (-2).
   rF:        It protects you from fire.
   Will:      It increases your willpower.
Missiles
 h - 11 boomerangs
 m - 3 silver boomerangs (quivered)
 t - 15 silver javelins
 y - 2 throwing nets
 B - 21 javelins
 N - 9 curare-tipped darts
Armour
 i - a +2 cloak of poison resistance (worn)
 v - the +5 kite shield of Biduecu (worn) {*Slow rN+ Dex+4 Slay+5}
   (You took it off Donald on level 3 of the Lair of Beasts)

   Dex:       It affects your dexterity (+4).
   Slay:      It affects your accuracy & damage with ranged weapons and melee
   (+5).
   rN:        It protects you from negative energy.
   *Slow:     It may slow you when you take damage.
 x - a +2 pair of boots of rampaging (worn)
 z - the +0 mask of the Dragon (worn) {Will+ Slay+3 SInv}
   (You found it on level 5 of the Vaults)

   Slay:      It affects your accuracy & damage with ranged weapons and melee
   (+3).
   SInv:      It lets you see invisible.
   Will:      It increases your willpower.
 L - a +2 pair of gloves of dexterity (worn)
 Z - +11 gold dragon scales (worn)
Jewellery
 c - a ring of protection from cold
 f - an amulet of regeneration (around neck)
 k - the ring "Soat" (right hand) {rElec rPois rCorr Str+6 Slay+3}
   (You acquired it on level 5 of the Dungeon)

   [ring of strength]

   Str:       It affects your strength (+6).
   Slay:      It affects your accuracy & damage with ranged weapons and melee
   (+3).
   rElec:     It insulates you from electricity.
   rPois:     It protects you from poison.
   rCorr:     It protects you from acid and corrosion.
 r - the ring of the Barnacled God (left hand) {rF+ rC+ Will+ Str+4 Stlth+}
   (You took it off a black draconian on level 4 of the Depths)

   [ring of protection from cold]

   Str:       It affects your strength (+4).
   rF:        It protects you from fire.
   rC:        It protects you from cold.
   Will:      It increases your willpower.
   Stlth:     It makes you more stealthy.
 w - the ring "Luin" {rPois rF+ rN+ Dex+6}
   (You found it on level 4 of the Depths)

   [ring of dexterity]

   Dex:       It affects your dexterity (+6).
   rF:        It protects you from fire.
   rPois:     It protects you from poison.
   rN:        It protects you from negative energy.
Wands
 l - a wand of mindburst (48)
 K - a wand of paralysis (36)
 P - a wand of iceblast (21)
 S - a wand of light (20)
 U - a wand of digging (33)
 Y - a wand of polymorph (17)
Scrolls
 q - 28 scrolls of teleportation
 H - 7 scrolls of vulnerability
 M - 2 scrolls of torment
 O - 10 scrolls of immolation
 R - 8 scrolls of blinking
 V - 7 scrolls of fear
 W - 5 scrolls of silence
 X - 7 scrolls of fog
Potions
 d - 15 potions of heal wounds
 n - 9 potions of cancellation
 o - 23 potions of curing
 p - 12 potions of flight
 s - 5 potions of ambrosia
 u - 3 potions of invisibility
 A - 4 potions of lignification
 C - 9 potions of magic
 D - 10 potions of attraction
 E - 5 potions of haste
 G - 9 potions of might
 I - 11 potions of mutation
 J - 3 potions of resistance
 Q - 3 potions of berserk rage
Miscellaneous
 e - a condenser vane
 j - a phial of floods
 F - a lightning rod (4/4)
 T - a tin of tremorstones (2/2)


   Skills:
 + Level 23.3(27) Fighting
 - Level 17.9(23.0) Axes
 - Level 2.5(17.0) Maces & Flails
 - Level 2.1(7.1) Ranged Weapons
 - Level 20.0(25.0) Throwing
 - Level 22.0(27) Armour
 - Level 14.0(19.0) Dodging
 - Level 22.0(27) Shields
 - Level 1.0 Spellcasting
 - Level 2.0 Hexes
 - Level 14.0 Invocations
 - Level 18.0 Evocations


You had 26 spell levels left.
You knew the following spells:

 Your Spells              Type           Power      Damage    Failure   Level
a - Slow                  Hex            16%        N/A       56%         1

Your spell library contained the following spells:

 Spells                   Type           Power      Damage    Failure   Level
 Apportation              Tloc           0%         N/A       85%         1
 Beastly Appendage        Tmut           0%         N/A       85%         1
 Foxfire                  Conj/Fire      0%         2x1d4     85%         1
 Freeze                   Ice            0%         1d3       85%         1
 Magic Dart               Conj           0%         1d3       85%         1
 Necrotise                Necr           0%         1d4       85%         1
 Blink                    Tloc           0%         N/A       94%         2
 Lesser Beckoning         Tloc           0%         N/A       94%         2
 Momentum Strike          Conj/Tloc      0%         3d8       94%         2
 Scorch                   Fire           0%         2d5       94%         2
 Searing Ray              Conj           0%         2d4       94%         2
 Static Discharge         Conj/Air       0%         2-2/arc   94%         2
 Wereblood                Tmut           0%         N/A       94%         2
 Dazzling Flash           Conj/Hex       4%         N/A       97%         3
 Inner Flame              Hex/Fire       2%         N/A       97%         3
 Portal Projectile        Hex/Tloc       4%         N/A       97%         3
 Frozen Ramparts          Ice            0%         1d1       99%         3
 Gell's Gravitas          Tloc           0%         N/A       99%         3
 Hailstorm                Conj/Ice       0%         3d3       99%         3
 Ignite Poison            Fire/Tmut/Pois 0%         N/A       99%         3
 Kindle Blastsparks       Fire/Tloc/Air  0%         2d10      99%         3
 Mephitic Cloud           Conj/Pois/Air  0%         N/A       99%         3
 Ozocubu's Armour         Ice            0%         N/A       99%         3
 Spider Form              Tmut/Pois      0%         N/A       99%         3
 Stone Arrow              Conj/Erth      0%         3d7       99%         3
 Teleport Other           Tloc           0%         N/A       99%         3
 Vhi's Electric Charge    Tloc/Air       0%         N/A       99%         3
 Cause Fear               Hex            2%         N/A       100%        4
 Flame Wave               Conj/Fire      0%         2d4       100%        4
 Fulminant Prism          Conj/Hex       1%         3d5       100%        4
 Ice Form                 Ice/Tmut       0%         N/A       100%        4
 Iskenderun's Mystic Bla  Conj/Tloc      0%         2d3       100%        4
 Manifold Assault         Tloc           0%         N/A       100%        4
 Olgreb's Toxic Radiance  Pois           0%         N/A       100%        4
 Petrify                  Tmut/Erth      0%         N/A       100%        4
 Agony                    Necr           0%         N/A       100%        5
 Alistair's Intoxication  Tmut/Pois      0%         N/A       100%        5
 Arcjolt                  Conj/Air       0%         1d10      100%        5
 Borgnjor's Vile Clutch   Necr/Erth      0%         N/A       100%        5
 Fireball                 Conj/Fire      0%         3d3       100%        5
 Freezing Cloud           Conj/Ice/Air   0%         6-21      100%        5
 Lee's Rapid Deconstruct  Erth           0%         3d4*      100%        5
 Lightning Bolt           Conj/Air       0%         1d11      100%        5
 Metabolic Englaciation   Hex/Ice        1%         N/A       100%        5
 Silence                  Hex/Air        1%         N/A       100%        5
 Conjure Ball Lightning   Conj/Air       0%         3x3d6     100%        6
 Dispersal                Tloc           0%         N/A       100%        6
 Starburst                Conj/Fire      0%         6d3       100%        6
 Statue Form              Tmut/Erth      0%         N/A       100%        6
 Ozocubu's Refrigeration  Ice            0%         4d7       100%        7
 Storm Form               Tmut/Air       0%         N/A       100%        7
 Discord                  Hex            2%         N/A       100%        8
 Disjunction              Tloc           0%         N/A       100%        8
 Ignition                 Fire           0%         3d3       100%        8
 Lehudib's Crystal Spear  Conj/Erth      0%         10d2      100%        8
 Maxwell's Capacitive Co  Air            0%         ∞         100%        8
 Summon Small Mammal      Summ           Unusable   N/A       N/A         1
 Call Imp                 Summ           Unusable   N/A       N/A         2
 Animate Armour           Summ/Erth      Unusable   N/A       N/A         4
 Summon Lightning Spire   Summ/Air       Unusable   N/A       N/A         4
 Simulacrum               Ice/Necr       Unusable   N/A       N/A         6
 Summon Cactus Giant      Summ           Unusable   N/A       N/A         6
 Malign Gateway           Summ/Tloc      Unusable   N/A       N/A         7
 Summon Horrible Things   Summ           Unusable   N/A       N/A         8

Dungeon Overview and Level Annotations

Branches:
Dungeon (15/15)            Temple (0/1) D:6            Lair (5/5) D:9
  Swamp (4/4) Lair:3       Spider (4/4) Lair:3        Slime (0/5) Lair:5
    Orc (2/2) D:11            Elf (3/3) Orc:2        Vaults (5/5) D:13
  Crypt (0/3) Vaults:3     Depths (4/4) D:15            Zot (5/5) Depths:4
Ossuary (visited)           IceCv (visited)         Volcano (visited)

Altars:
Gozag
Kikubaaqudgha
Okawaru
Sif Muna
Uskayaw
Xom
The Shining One
Jiyva
Lugonu

Shops:
D:4 (   D:14 (   D:15 [*   Orc:2 (*(*   Vaults:2 (   Vaults:5 :   Depths:1 :=:
Depths:4 (

Portals:
Hell: Depths:2 Depths:3 Depths:4
Abyss: Depths:1 Depths:2 Depths:3 Depths:4
Pandemonium: Depths:1 Depths:2 Depths:4
Ziggurat: Depths:2

Annotations:
D:6 exclusion: upstairs
D:8 exclusion: upstairs
D:13 1 transporter, exclusion: obsidian statue, zinnoa's ghost, journeyman DjFE
D:15 exclusion: upstairs
Elf:2 3 runed translucent doors, exclusion: orange crystal statue
Vaults:1 2 transporters
Depths:1 1 exclusion
Depths:2 2 runed translucent doors
Depths:3 1 runed translucent door, Herac's ghost, veteran TeWr
Zot:5 1 exclusion


Innate Abilities, Weirdness & Mutations

You have a pair of horns on your head.
You reflexively headbutt those who attack you in melee.
You occasionally shout uncontrollably at your foes.


Message History

There is a stone staircase leading down here.
You see here an adder skeleton.
There is a stone staircase leading up here.
You climb upwards.
There is a stone staircase leading down here.
A Brimstone Fiend comes into view.
You gain the combat prowess of a mighty hero.
You rampage towards the Brimstone Fiend!
You slice the Brimstone Fiend!!
The Brimstone Fiend is moderately wounded.
You cut the Brimstone Fiend into ribbons!!!
You headbutt the Brimstone Fiend.
The Brimstone Fiend is almost dead.
You block the Brimstone Fiend's attack. x3
You slash the Brimstone Fiend! You headbutt the Brimstone Fiend.
You kill the Brimstone Fiend!
Okawaru accepts your kill.
(D) Dungeon (T) Temple (L) Lair (S) Swamp (N) Spider Nest (M) Slime Pits (O) Orcish Mines (E) Elven Halls (V) Vaults (C) Crypt (U) Depths (H) Hell (Z) Zot
Where to? (Enter - D:1 @ (x,y), ? - help) Magic restored.
An Orb Guardian comes into view.
You feel yourself speed up.
A tormentor comes into view.
You rampage towards the tormentor!
You slash the tormentor! Your headbutt misses the tormentor.
The tormentor is moderately wounded.
You slice the tormentor!! You headbutt the tormentor!
You kill the tormentor!
Okawaru accepts your kill.
There is an open door here.
A hellwing comes into view.
You block the hellwing's attack. The hellwing hits you.
The hellwing completely misses you. You block the hellwing's attack.
You block the hellwing's attack. x2
There is a staircase leading out of the dungeon here.
You block the hellwing's attack. x2
You have escaped!

#.#.#
###.#.#########
....#.#.......#
....X.#.#####.#
#####.........#
###X###########
#.#.....X...#
#.#...###4..#
#.'...#.#.@.#
###..)###...#
#.........#
###########
####### #...#
......# ###.#
#####.# #.# #.#
#.# #.# #.#


You could see an Orb Guardian and a hellwing.

Vanquished Creatures
  4 dread liches
  2 orbs of fire (Zot:5)
  Mennas (Vaults:2)
  Boris (5 times) (Vaults:2 Vaults:3 Depths:2 Depths:3 Vaults:5)
  Vv (Depths:4)
  4 Killer Klowns
  Xtahua (Depths:4)
  A curse toe (Zot:3)
  Nikola (Spider:3)
  9 golden dragons
  2 electric golems
  A Brimstone Fiend (D:1)
  13 tentacled monstrosities
  Jorgrun (D:13)
  26 Orb Guardians
  2 liches (Depths:3)
  2 deep elf master archers (Elf:3)
  2 deep elf blademasters (Elf:3)
  4 titans (Vaults:5)
  13 quicksilver dragons
  5 death cobs
  6 sphinxes
  6 shadow dragons
  8 storm dragons
  6 tengu reavers
  2 thorn hunters (Swamp:4)
  Roxanne (Swamp:1)
  Donald (Lair:3)
  9 draconian monks
  4 fire giants
  2 iron dragons (Vaults:5)
  30 vault wardens
  8 draconian knights
  7 frost giants
  3 deep elf sorcerers
  Louise (Spider:3)
  6 draconian scorchers
  5 ghost moths
  8 emperor scorpions
  6 draconian shifters
  3 orc warlords
  8 draconian annihilators
  4 draconian stormcallers
  A broodmother (Spider:4)
  4 war gargoyles
  A quicksilver ooze (shapeshifter) (Vaults:4)
  5 deep elf elementalists
  14 stone giants
  A reaper (Zot:5)
  24 ironbound preservers
  3 vampire knights
  26 green draconians
  45 very ugly things
  9 deep elf demonologists
  A lorocyproca (D:12)
  11 yellow draconians
  14 black draconians
  13 deep elf annihilators
  6 dire elephants (Vaults:1)
  2 eleionomae (Swamp:1)
  3 spark wasps
  3 bunyips
  17 red draconians
  9 white draconians
  8 purple draconians
  8 deep elf death magi (Elf:3)
  A blizzard demon (D:6)
  2 jiangshi (Depths:1)
  2 crystal guardians
  11 ettins
  11 fire dragons
  4 entropy weavers
  3 deep elf high priests
  7 great orbs of eyes
  An entropy weaver (shapeshifter) (D:14)
  15 yaktaur captains
  3 shambling mangroves
  Josephine (D:13)
  2 rakshasas
  6 ice dragons
  4 peacekeepers
  31 vault guards
  22 hydras
  A jorogumo (Spider:3)
  3 radroaches
  8 ironbound frosthearts
  A catoblepas (Lair:5)
  21 centaur warriors
  A merfolk avatar (Lair:5)
  5 two-headed ogres
  Erica (Lair:1)
  2 ogre magi (Vaults:5)
  9 death yaks
  13 alligators
  9 boulder beetles
  A death scarab (Spider:3)
  6 tengu warriors
  6 deep troll earth magi
  5 deep troll shamans
  2 hell knights
  12 dancing weapons
  Urug (D:11)
  A vampire mage (Depths:1)
  12 spriggans
  19 deep elf knights
  3 spriggan berserkers
  A shock serpent (shapeshifter) (Vaults:2)
  An orc high priest (D:11)
  3 soul eaters
  Sonja (D:11)
  Nergalle (Lair:3)
  13 skeletal warriors
  10 sun demons
  4 iron trolls
  2 pharaoh ants
  9 goliath frogs
  A sun moth (Spider:3)
  4 spriggan druids
  3 death drakes (Depths:4)
  2 sea snakes (Lair:5)
  A flayed ghost (Vaults:5)
  17 swamp dragons
  A glowing orange brain (Vaults:4)
  45 deep trolls
  5 orb spiders
  10 wizards
  16 deep elf archers
  14 orc knights
  7 bog bodies
  10 steelbarb worms
  16 lindwurms
  3 phantasmal warriors
  A necromancer (Vaults:1)
  3 harpies (Vaults:2)
  24 ironbound convokers
  23 wolf spiders
  32 deep elf zephyrmancers
  35 deep elf pyromancers
  32 ugly things
  A faun (shapeshifter) (Vaults:5)
  7 will-o-the-wisps
  A shining eye (Depths:2)
  2 orc sorcerers
  2 salamanders (Depths:3)
  19 moths of wrath
  A sphinx skeleton (Vaults:3)
  A manticore (D:11)
  A manticore (shapeshifter) (Depths:3)
  A moth of wrath (shapeshifter) (Vaults:5)
  6 cyclopes
  A guardian serpent (shapeshifter) (D:14)
  7 elephants (Lair:5)
  2 frost giant skeletons (Vaults:3)
  2 rust devils (Depths:4)
  5 black mambas
  2 orange demons
  7 demonic crawlers
  3 smoke demons
  A water nymph (shapeshifter) (Depths:1)
  11 cane toads
  3 eyes of devastation
  4 torpor snails
  2 ice statues
  17 vault sentinels
  4 hellions
  2 unseen horrors
  5 freezing wraiths
  52 yaktaurs
  2 kobold demonologists
  The ghost of bande the Chopper, a novice GrFi (D:5)
  12 komodo dragons
  A tormentor (D:1)
  2 rime drakes
  3 ice devils
  2 efreet
  3 yaktaur skeletons (Vaults:3)
  5 tengu conjurers
  7 trolls
  12 meliai
  A red devil (D:7)
  A wind drake (Lair:5)
  20 polar bears
  12 tyrant leeches
  A hellwing (Depths:1)
  26 hornets
  10 tarantellas
  11 blink frogs
  A snapping turtle (Lair:5)
  18 slime creatures
  A human simulacrum (Vaults:1)
  A jumping spider (shapeshifter) (D:14)
  A ynoxinul (Depths:4)
  24 jumping spiders
  A shadow (D:10)
  16 culicivoras
  2 elf skeletons
  2 air elementals
  2 fire elementals (Elf:1)
  60 yaks
  3 fire bats (Lair:4)
  A spriggan (shapeshifter) (Elf:1)
  8 wyverns
  5 water elementals
  5 basilisks
  3 steam dragons
  Eustachio (D:5)
  5 wraiths
  A neqoxec (Depths:1)
  A chaos spawn (Depths:1)
  58 redbacks
  19 vampire mosquitoes
  3 wargs
  A human zombie (Vaults:1)
  23 swamp worms
  A hell hound (Depths:3)
  3 acid dragons
  18 water moccasins
  3 sky beasts (D:6)
  2 ice beasts (D:7)
  10 swamp drakes
  3 black bears
  34 orc warriors
  9 ogres
  25 wolves
  24 centaurs
  4 human skeletons
  An elf simulacrum (Vaults:1)
  2 phantoms
  3 elf zombies (Ossuary)
  3 kobold brigands
  11 bullfrogs
  3 necrophages
  5 scorpions
  2 gnoll sergeants (D:9)
  A water moccasin zombie (D:5)
  16 wights
  4 howler monkeys
  An electric eel (Lair:1)
  A bullfrog zombie (D:5)
  A centaur zombie (D:5)
  A gnoll bouda (D:8)
  19 orc priests
  3 iguanas
  A jelly (D:8)
  Jessica (D:2)
  23 orc wizards
  4 hound zombies (Ossuary)
  Robin (D:4)
  4 mummies (Ossuary)
  22 gnolls
  8 adders
  A shadow imp (D:8)
  2 white imps
  An adder zombie (Ossuary)
  A worm (D:5)
  5 dart slugs
  90 orcs
  7 ball pythons
  6 endoplasms
  4 giant cockroaches
  9 goblins
  5 hobgoblins
  2 jackals (D:5)
  5 quokkas
  5 bats
  3 frilled lizards
  A jackal zombie (Ossuary)
  12 kobolds
  3 orc zombies (Ossuary)
  4 rats (D:2)
  A plant (Lair:5)
2094 creatures vanquished.

Vanquished Creatures (others)
  A fire giant (Vaults:5)
  A draconian stormcaller (Zot:5)
  An alligator (Swamp:4)
  2 deep elf pyromancers
  A wizard (Depths:3)
  A tengu conjurer (Depths:3)
  A bloated husk (Swamp:3)
  33 foxfires
  52 fungi
  61 plants
154 creatures vanquished.

Grand Total: 2248 creatures vanquished

Notes
Turn   | Place    | Note
-------+----------+-------------------------------------------
     0 | D:1      | ParallaxScroll the Minotaur Hexslinger began the quest for
                  | the Orb.
     0 | D:1      | Reached XP level 1. HP: 16/16 MP: 1/1
   195 | D:1      | Reached skill level 2 in Fighting
   210 | D:1      | Reached XP level 2. HP: 25/25 MP: 2/2
   287 | D:1      | Reached skill level 3 in Fighting
   291 | D:1      | Found a faded altar of an unknown god.
   864 | D:2      | Reached XP level 3. HP: 21/33 MP: 0/3
   929 | D:2      | Reached skill level 4 in Fighting
  1201 | D:2      | Reached skill level 1 in Armour
  1416 | D:2      | Noticed Jessica
  1430 | D:2      | Killed Jessica
  1431 | D:2      | Reached XP level 4. HP: 33/41 MP: 1/4
  1699 | D:2      | Reached skill level 5 in Fighting
  1710 | D:3      | Reached skill level 1 in Maces & Flails
  1992 | D:3      | Reached XP level 5. HP: 48/48 MP: 5/5
  2347 | D:3      | Reached skill level 1 in Evocations
  2591 | D:4      | Found Qekk's Antique Weapon Shoppe.
  2625 | D:4      | Noticed an ogre
  2631 | D:4      | Killed an ogre
  2632 | D:4      | Reached XP level 6. HP: 56/56 MP: 6/6
  2665 | D:4      | Found an iron altar of Okawaru.
  2785 | D:4      | Noticed Robin
  2796 | D:4      | Killed Robin
  3146 | D:4      | Reached skill level 5 in Axes
  3229 | D:4      | Became a worshipper of Warmaster Okawaru
  3289 | D:4      | Found a glowing golden altar of the Shining One.
  3328 | D:4      | Reached XP level 7. HP: 38/61 MP: 3/7
  3617 | D:5      | Entered Level 5 of the Dungeon
  3617 | D:5      | Noticed Eustachio
  3664 | D:5      | Identified a scroll of acquirement
  3664 | D:5      | Acquired the ring "Soat" {rElec rPois rCorr Str+6 Slay+3}
  3672 | D:5      | Found a runed translucent gate.
  3672 | D:5      | Found a runed translucent gate.
  3672 | D:5      | Found a runed translucent gate.
  3695 | D:5      | Noticed bande's ghost (novice GrFi)
  3724 | D:5      | Found a sand-covered staircase.
  3729 | Ossuary  | Entered an ossuary
  3736 | Ossuary  | Reached * piety under Okawaru
  3750 | Ossuary  | Reached XP level 8. HP: 41/68 MP: 3/8
  4031 | D:5      | Killed Eustachio
  4032 | D:5      | Reached skill level 1 in Invocations
  4563 | D:5      | Reached ** piety under Okawaru
  4791 | D:6      | Reached skill level 5 in Armour
  5115 | D:5      | Reached XP level 9. HP: 69/72 MP: 10/10
  5634 | D:6      | Found a staircase to the Ecumenical Temple.
  5823 | D:6      | Reached skill level 10 in Axes
  6129 | D:6      | Found a staircase to the Ecumenical Temple.
  6442 | D:7      | Noticed a kobold demonologist
  6674 | D:7      | Killed a kobold demonologist
  6674 | D:7      | Reached *** piety under Okawaru
  6675 | D:7      | Reached skill level 6 in Fighting
  7388 | D:8      | Reached **** piety under Okawaru
  7388 | D:8      | Received a gift from Okawaru
  7450 | D:8      | Reached XP level 10. HP: 83/83 MP: 12/12
  7657 | D:8      | Found a shimmering blue altar of Sif Muna.
  7657 | D:8      | Found a hide-covered altar of Uskayaw.
  8033 | D:8      | Received a gift from Okawaru
  8567 | D:8      | Reached skill level 5 in Evocations
  8725 | D:9      | Reached ***** piety under Okawaru
  8738 | D:9      | Reached skill level 1 in Shields
  8979 | D:9      | Found a staircase to the Lair.
  9324 | D:10     | Entered Level 10 of the Dungeon
  9684 | D:10     | Reached XP level 11. HP: 56/89 MP: 10/13
  9686 | D:10     | Reached skill level 5 in Invocations
 10396 | Lair:1   | Entered Level 1 of the Lair of Beasts
 10413 | D:9      | Received a gift from Okawaru
 10631 | Lair:1   | Reached skill level 15 in Axes
 10908 | Lair:1   | Noticed Erica
 10916 | Lair:1   | Killed Erica
 11321 | Lair:1   | Reached ****** piety under Okawaru
 11447 | Lair:1   | Received a gift from Okawaru
 12133 | Lair:2   | Reached skill level 7 in Fighting
 12261 | Lair:2   | Reached XP level 12. HP: 78/100 MP: 12/17
 12751 | Lair:2   | Noticed a death yak
 12751 | Lair:2   | Noticed a death yak
 12765 | Lair:2   | Noticed a death yak
 12765 | Lair:2   | Noticed a death yak
 12776 | Lair:2   | Killed a death yak
 12849 | Lair:2   | Noticed a death yak
 12863 | Lair:2   | Killed a death yak
 12863 | Lair:2   | Received a gift from Okawaru
 12871 | Lair:2   | Killed a death yak
 12876 | Lair:2   | Killed a death yak
 12897 | Lair:2   | Killed a death yak
 13176 | Lair:2   | You fall into a shaft and drop 2 floors!
 13320 | Lair:4   | Found a dark tunnel.
 13341 | Volcano  | Entered a volcano
 13357 | Volcano  | Noticed a centaur warrior
 13363 | Volcano  | Killed a centaur warrior
 13467 | Volcano  | Found a burning altar of Makhleb.
 13715 | Volcano  | Reached skill level 5 in Dodging
 14050 | Lair:3   | Received a gift from Okawaru
 14050 | Lair:3   | Found the +18 Lear's hauberk
 14051 | Lair:3   | Reached skill level 8 in Fighting
 14502 | Lair:3   | Found a hole to the Spider Nest.
 14764 | Lair:3   | Found a staircase to the Swamp.
 14982 | Lair:3   | Reached skill level 10 in Armour
 15123 | Lair:3   | Reached XP level 13. HP: 107/107 MP: 18/18
 15389 | Lair:3   | Noticed Nergalle
 15395 | Lair:3   | Killed Nergalle
 15693 | Lair:4   | Reached skill level 1 in Throwing
 16228 | Lair:5   | Entered Level 5 of the Lair of Beasts
 16506 | Lair:5   | Identified the +2 glaive of Subterfuge {antimagic, rElec
                  | Will+ Str+5 Int-5}
 16580 | Lair:5   | Received a gift from Okawaru
 16698 | Lair:5   | Reached skill level 10 in Invocations
 16732 | Lair:5   | Reached skill level 9 in Fighting
 16897 | Lair:5   | Received a gift from Okawaru
 16952 | Lair:5   | Reached skill level 10 in Fighting
 16993 | Lair:5   | Found a staircase to the Slime Pits.
 16993 | Lair:5   | Found a viscous altar of Jiyva.
 18219 | D:11     | Noticed Sonja
 18224 | D:11     | Killed Sonja
 18235 | D:11     | Identified the +1 pair of gloves of the Komodo Dragon
                  | {Will- Dex+5} (Okawaru gifted it to you on level 11 of the
                  | Dungeon)
 18235 | D:11     | Received a gift from Okawaru
 18290 | D:11     | Noticed Urug
 18304 | D:11     | Killed Urug
 18305 | D:11     | Reached XP level 14. HP: 113/122 MP: 17/20
 18919 | D:11     | Found a staircase to the Orcish Mines.
 19262 | D:12     | Reached skill level 11 in Fighting
 19481 | D:12     | Found a frozen archway.
 19555 | IceCv    | Entered an ice cave
 19833 | IceCv    | Identified the +3 mace "Uriproirro" {freeze, rF++ Int+3}
 20060 | IceCv    | Identified the +3 arbalest of Okoemuank {freeze, Str+2}
 20080 | IceCv    | Noticed a frost giant
 20102 | IceCv    | Killed a frost giant
 20466 | IceCv    | Received a gift from Okawaru
 21429 | D:12     | Reached skill level 5 in Shields
 22395 | D:13     | Noticed zinnoa's ghost (journeyman DjFE)
 22414 | D:13     | Found a transporter.
 22428 | D:13     | Noticed Josephine
 22447 | D:13     | Killed Josephine
 22608 | D:13     | Paralysed by a great orb of eyes for 2 turns
 22635 | D:13     | Reached XP level 15. HP: 110/132 MP: 20/23
 22760 | D:13     | Noticed Jorgrun
 22761 | D:13     | Upgraded the game from 0.30-a0-711-gf4ac18a38d to
                  | 0.30-a0-715-gdb4ae3ece1
 22766 | D:13     | Killed Jorgrun
 22885 | D:13     | Found a gate to the Vaults.
 23067 | D:13     | Received a gift from Okawaru
 23596 | D:14     | Reached skill level 10 in Shields
 23748 | D:14     | Found Xuxaf's Antique Weapon Boutique.
 24346 | D:15     | Entered Level 15 of the Dungeon
 24513 | D:15     | Found a staircase to the Depths.
 24547 | D:15     | Found Wozoemuu's Armour Shop.
 25124 | D:15     | Found an opulent altar of Gozag.
 25548 | D:15     | Found Gozag's Platinum Reserve.
 25829 | Orc:1    | Entered Level 1 of the Orcish Mines
 26049 | Orc:1    | You fall into a shaft and drop 1 floor!
 26049 | Orc:2    | Entered Level 2 of the Orcish Mines
 26094 | Orc:1    | Paralysed by an orc sorcerer for 5 turns
 27044 | Orc:2    | Found a staircase to the Elven Halls.
 27110 | Orc:2    | Received a gift from Okawaru
 27594 | Orc:2    | Found Falaxoa's Weapon Emporium.
 27594 | Orc:2    | Found Disimukk's Assorted Antiques.
 27596 | Orc:2    | Found Ugim's Antique Weapon Shop.
 27598 | Orc:2    | Found Ciejikeg's Assorted Antiques.
 27752 | Orc:2    | Bought a scroll of identify for 54 gold pieces
 27753 | Orc:2    | Reached skill level 12 in Fighting
 27753 | Orc:2    | Reached XP level 16. HP: 141/141 MP: 24/24
 27757 | Orc:2    | Bought a scroll of identify for 66 gold pieces
 27761 | Orc:2    | Bought a wand of iceblast (5) for 324 gold pieces
 27961 | Spider:1 | Entered Level 1 of the Spider Nest
 27971 | Spider:1 | Reached skill level 15 in Shields
 28032 | Spider:1 | Identified the +1 robe "Uheugeil" {-Tele Str+4 Dex+4}
 29168 | Spider:2 | Reached skill level 13 in Fighting
 29250 | Spider:2 | Received a gift from Okawaru
 29763 | Spider:2 | Reached XP level 17. HP: 149/149 MP: 23/25
 29948 | Spider:2 | Received a gift from Okawaru
 30416 | Spider:3 | Noticed Nikola
 30447 | Spider:3 | Killed Nikola
 30448 | Spider:3 | Reached skill level 5 in Throwing
 30748 | Spider:3 | Reached skill level 14 in Fighting
 31032 | Spider:3 | Identified the +3 scale mail of Taucvic {-Cast rElec Dex+3
                  | Slay+3}
 31477 | Spider:3 | Noticed Louise
 31492 | Spider:3 | Killed Louise
 31829 | Swamp:1  | Entered Level 1 of the Swamp
 31829 | Swamp:1  | Identified the +5 kite shield of Biduecu {*Slow rN+ Dex+4
                  | Slay+5}
 31829 | Swamp:1  | Noticed Donald
 31829 | Swamp:1  | Noticed Roxanne
 32063 | Elf:1    | Entered Level 1 of the Elven Halls
 32076 | Elf:1    | Identified the +5 war axe "Taeleone" {freeze, rF+ Will+
                  | Str+7 Int-4 Dex-2}
 32289 | Elf:1    | Received a gift from Okawaru
 32687 | Elf:1    | Identified the +2 pair of gloves of Madityitz {rPois Str+2
                  | Dex-3} (Okawaru gifted it to you on level 1 of the Elven
                  | Halls)
 32687 | Elf:1    | Received a gift from Okawaru
 32752 | Elf:1    | Reached skill level 10 in Evocations
 33135 | Elf:1    | Noticed a Brimstone Fiend
 33599 | Elf:2    | Reached XP level 18. HP: 149/160 MP: 26/26
 33754 | Elf:2    | Reached skill level 10 in Throwing
 33777 | Elf:2    | Found a runed translucent gate.
 33778 | Elf:2    | Found a runed translucent gate.
 33778 | Elf:2    | Found a runed translucent gate.
 33796 | Elf:2    | Paralysed by an air elemental for 1 turns
 34310 | Elf:3    | Entered Level 3 of the Elven Halls
 34735 | Elf:3    | Paralysed by an air elemental for 1 turns
 34846 | Elf:3    | Identified the +1 morningstar of Fresh Judgement {spect,
                  | Fragile rElec rN+ Int+3} (Okawaru gifted it to you on level
                  | 3 of the Elven Halls)
 34846 | Elf:3    | Received a gift from Okawaru
 35305 | Elf:3    | Identified the +0 mace "Grim Tooth" {flame, rC+++ rCorr
                  | Dex+4}
 35325 | Elf:3    | Noticed an Ice Fiend
 35327 | Arena    | Entered the Arena
 35693 | Elf:3    | Noticed an Ice Fiend
 35866 | Elf:3    | Identified the +3 eveningstar of Weunossu {speed, Fly rElec
                  | rF+}
 35881 | Elf:3    | Identified the +5 short sword "Minotaur's Death" {heavy,
                  | rF+ Dex+3}
 35881 | Elf:3    | Identified the amulet of Ocwitt {RegenMP Dex+2}
 35908 | Elf:3    | Identified the +7 hand axe of the Mauling Gods {protect,
                  | Fly}
 35940 | Elf:3    | Identified the +1 rapier of the Mashing Gods {freeze, Str+3
                  | SInv}
 37327 | Spider:4 | Entered Level 4 of the Spider Nest
 38192 | Lair:3   | Killed Donald
 38468 | Swamp:1  | Killed Roxanne
 38668 | Swamp:1  | Reached skill level 15 in Fighting
 38933 | Swamp:1  | Noticed a tentacled monstrosity
 38944 | Swamp:1  | Killed a tentacled monstrosity
 39107 | Swamp:1  | Reached XP level 19. HP: 166/170 MP: 27/27
 39252 | Swamp:2  | Received a gift from Okawaru
 39402 | Swamp:2  | Reached skill level 15 in Armour
 39685 | Swamp:2  | Received a gift from Okawaru
 40663 | Swamp:2  | Received a gift from Okawaru
 41144 | Swamp:3  | Reached XP level 20. HP: 179/179 MP: 28/28
 41306 | Swamp:3  | Received a gift from Okawaru
 41544 | Swamp:4  | Entered Level 4 of the Swamp
 42700 | Swamp:4  | Received a gift from Okawaru
 42927 | Swamp:4  | Reached skill level 16 in Fighting
 43113 | Swamp:4  | Received a gift from Okawaru
 43315 | Swamp:4  | Got a decaying rune of Zot
 45349 | Spider:4 | Reached skill level 17 in Fighting
 45561 | Spider:4 | Received a gift from Okawaru
 45640 | Spider:4 | Reached XP level 21. HP: 191/191 MP: 20/29
 45924 | Spider:4 | Got a gossamer rune of Zot
 46270 | Vaults:1 | Entered Level 1 of the Vaults
 46482 | D:5      | Killed bande's ghost
 48346 | Vaults:1 | Received a gift from Okawaru
 48422 | Vaults:1 | Reached skill level 10 in Dodging
 48580 | Vaults:1 | Found a transporter.
 48617 | Vaults:1 | Found a transporter.
 48665 | Vaults:1 | Reached skill level 18 in Fighting
 49342 | Vaults:1 | Reached skill level 19 in Fighting
 50264 | Vaults:2 | Noticed Boris
 50282 | Vaults:2 | Killed Boris
 50454 | Vaults:2 | Received a gift from Okawaru
 51135 | Vaults:2 | Reached XP level 22. HP: 197/205 MP: 30/30
 51430 | Vaults:2 | Noticed Mennas
 51458 | Vaults:2 | Killed Mennas
 51458 | Vaults:2 | Received a gift from Okawaru
 51595 | Vaults:2 | Found Waobixymm's Weapon Boutique.
 52195 | Vaults:3 | Got Ronoh's Volume of Earth and Pyromancy
 52329 | Vaults:3 | Received a gift from Okawaru
 52596 | Vaults:3 | Received a gift from Okawaru
 52787 | Vaults:3 | Noticed Boris
 52809 | Vaults:3 | Killed Boris
 53062 | Vaults:3 | Reached skill level 15 in Evocations
 53481 | Vaults:3 | Identified the +2 plate armour of the Jackalope {Int+2}
 54109 | Vaults:3 | Found a staircase to the Crypt.
 54696 | Vaults:4 | Received a gift from Okawaru
 54874 | Vaults:4 | Identified the amulet "Maplav" {RegenMP *Slow rPois rN+++
                  | Dex-2}
 55390 | Vaults:4 | Received a gift from Okawaru
 56121 | Vaults:4 | Received a gift from Okawaru
 56657 | Depths:1 | Entered Level 1 of the Depths
 56664 | Depths:1 | Reached skill level 20 in Fighting
 56871 | Depths:1 | Reached XP level 23. HP: 192/215 MP: 32/32
 57147 | Depths:1 | Found a one-way gate to the infinite horrors of the Abyss.
 57385 | Depths:1 | Found a hide-covered altar of Uskayaw.
 57498 | Depths:1 | Found a one-way gate leading to the halls of Pandemonium.
 57724 | Depths:1 | Found Costres's Book Shop.
 57724 | Depths:1 | Found Dehib's Jewellery Emporium.
 57726 | Depths:1 | Found Waumy's Book Shop.
 57741 | Depths:1 | Bought a ring of see invisible for 210 gold pieces
 57926 | Depths:2 | Found a corrupted altar of Lugonu.
 57926 | Depths:2 | Found a one-way gateway to a ziggurat.
 58043 | Depths:2 | Reached skill level 21 in Fighting
 58045 | Depths:2 | Noticed Boris
 58213 | Depths:2 | Killed Boris
 58310 | Depths:2 | Found a large runed translucent door.
 58310 | Depths:2 | Found a large runed translucent door.
 58448 | Depths:2 | Identified the +6 arbalest of Integrity {penet, rN+ rCorr
                  | Str-2 Stlth+} (Okawaru gifted it to you on level 2 of the
                  | Depths)
 58448 | Depths:2 | Received a gift from Okawaru
 58481 | Arena    | Entered the Arena
 58508 | Depths:2 | Reached skill level 22 in Fighting
 59012 | Depths:2 | Found a shimmering altar of Xom.
 59197 | Depths:2 | Found a gateway to Hell.
 59382 | Depths:3 | Noticed Boris
 59603 | Depths:3 | Killed Boris
 60163 | Depths:3 | Gained mutation: You occasionally shout uncontrollably at
                  | your foes. [a shining eye]
 60805 | Depths:3 | Found an ancient bone altar of Kikubaaqudgha.
 60925 | Depths:3 | Found a runed translucent door.
 60926 | Depths:3 | Found a shimmering altar of Xom.
 60926 | Depths:3 | Noticed Herac's ghost (veteran TeWr)
 61124 | Depths:4 | Entered Level 4 of the Depths
 61337 | Depths:4 | Received a gift from Okawaru
 61402 | Depths:4 | Noticed Xtahua
 61415 | Depths:4 | Killed Xtahua
 61597 | Depths:4 | Identified the ring "Luin" {rPois rF+ rN+ Dex+6}
 61627 | Depths:4 | Identified the ring of the Barnacled God {rF+ rC+ Will+
                  | Str+4 Stlth+}
 61672 | Depths:4 | Received a gift from Okawaru
 61993 | Depths:4 | Reached XP level 24. HP: 227/231 MP: 32/32
 62181 | Depths:4 | Found Miex's Antique Weapon Emporium.
 62529 | Depths:4 | Received a gift from Okawaru
 62725 | Depths:4 | Received a gift from Okawaru
 63395 | Orc:2    | Bought a scroll of enchant armour for 247 gold pieces
 64162 | Depths:4 | Found a gate to the Realm of Zot.
 64862 | Vaults:5 | Entered Level 5 of the Vaults
 64869 | Vaults:5 | Received a gift from Okawaru
 64894 | Vaults:5 | Got a silver rune of Zot
 65003 | Vaults:5 | Received a gift from Okawaru
 65257 | Vaults:5 | Reached skill level 15 in Throwing
 65330 | Vaults:5 | Received a gift from Okawaru
 65331 | Vaults:5 | Noticed a dread lich
 65365 | Arena    | Entered the Arena
 65374 | Arena    | Killed a dread lich
 65538 | Vaults:5 | Identified the ring "Dexka Kerub" {Fire Dex+3}
 65588 | Vaults:5 | Noticed Boris
 65617 | Vaults:5 | Killed Boris
 65758 | Vaults:5 | Identified the +2 robe "Tasapt" {rN+}
 65773 | Vaults:5 | Noticed a dread lich
 65808 | Vaults:4 | Killed a dread lich
 65808 | Vaults:4 | Received a gift from Okawaru
 65892 | Vaults:5 | Received a gift from Okawaru
 66062 | Vaults:5 | Reached XP level 25. HP: 238/238 MP: 32/32
 66495 | Vaults:5 | Identified the +4 broad axe of Destiny {vamp, rElec Str+3}
                  | (Okawaru gifted it to you on level 5 of the Vaults)
 66495 | Vaults:5 | Received a gift from Okawaru
 66511 | Vaults:5 | Found the +0 mask of the Dragon {Will+ Slay+3 SInv}
 66708 | Vaults:5 | Found Gaxzuz's Book Boutique.
 66709 | Vaults:5 | Found the +8 autumn katana {manifold assault}
 67215 | Vaults:5 | Found Gaxzuz's Book Boutique.
 69361 | Zot:1    | Entered Level 1 of the Realm of Zot
 69361 | Zot:1    | Noticed Vv
 69461 | Depths:4 | Killed Vv
 69633 | Zot:1    | Noticed a Killer Klown
 69734 | Zot:1    | Noticed a Killer Klown
 69741 | Zot:1    | Killed a Killer Klown
 69744 | Zot:1    | Received a gift from Okawaru
 69754 | Zot:1    | Killed a Killer Klown
 70368 | Zot:3    | Identified the +7 sling of Geshiz {drain, rF+} (Okawaru
                  | gifted it to you on level 3 of the Realm of Zot)
 70368 | Zot:3    | Received a gift from Okawaru
 70654 | Zot:3    | Received a gift from Okawaru
 71084 | Zot:3    | Received a gift from Okawaru
 71152 | Zot:3    | Identified the +1 war axe of Hacking and Slashing {pain,
                  | Str+4 Int+5 Stlth-}
 71279 | Zot:5    | Entered Level 5 of the Realm of Zot
 71374 | Zot:5    | Identified the +1 scale mail "Waoclut" {Rampage} (Okawaru
                  | gifted it to you on level 5 of the Realm of Zot)
 71374 | Zot:5    | Received a gift from Okawaru
 71409 | Zot:5    | Reached XP level 26. HP: 246/246 MP: 32/32
 71584 | Zot:5    | Noticed an orb of fire
 72255 | Zot:5    | Noticed a dread lich
 72277 | Zot:5    | Killed a dread lich
 72326 | Zot:5    | Noticed an orb of fire
 72333 | Zot:5    | Killed an orb of fire
 72385 | Zot:5    | Noticed an orb of fire
 72391 | Zot:5    | Killed an orb of fire
 72661 | Zot:5    | Noticed a dread lich
 72685 | Zot:5    | Killed a dread lich
 72693 | Zot:5    | Got the Orb of Zot
 72721 | Zot:5    | Received a gift from Okawaru
 72726 | Zot:5    | Noticed a seraph
 72780 | Zot:3    | Noticed a seraph
 73075 | D:12     | Reached skill level 23 in Fighting
 73377 | D:$      | Escaped with the Orb!

Illustrated notes

Levels and vault maps discovered:
D:1:      nicolae_arrival_memento_mori, layout_loops_ring,
          shapermc_ecumenical_altar_acropolis
D:2:      layout_rooms, nicolae_eternal_life, minivault_25, uniq_jessica
D:3:      layout_basic
D:4:      layout_loops_ring, lemuel_crystal_altar, mainiacjoe_overflow_brackets,
          serial_shops, shop, uniq_robin
D:5:      layout_rooms, nicolae_ossuary_entry_ruins, gammafunk_ghost_necromancy,
          uniq_eustachio
D:6:      layout_basic, temple_green, minmay_misc_feat_alley
D:7:      layout_basic
D:8:      layout_cave_pools, grunt_temple_overflow_open, minivault_10
D:9:      layout_cave_pools, grunt_lair_entry_orc_guard_hut
D:10:     layout_irregular_city, hangedman_abyss_or_decor_clamps, minivault_16,
          minmay_crystal_water
D:11:     layout_stronghold, hiddenorc1_lemuel, uniq_urug, uniq_sonja
D:12:     layout_layer_cave, portal_ice_cave_demonic_guard, minmay_puff
D:13:     layout_roguey, david_vaults_5, gammafunk_ghost_mausoleum,
          minmay_more_statues, uniq_jorgrun, uniq_josephine
D:14:     layout_loops_ring, serial_shops, nicolae_shop_stone
D:15:     hangedman_depths_entry_civil_slaughter, layout_layer_cave,
          nicolae_gozag_zags_fifth_avenue, serial_shops, nicolae_shop_waterfront
Lair:1:   layout_loops_ring, serial_bayou_shore_a, infiniplex_staircase_pool,
          grunt_megastairs_5, lemuel_fruit_tree, uniq_erica
Lair:2:   layout_regular_city
Lair:3:   layout_layer_cave, swamp_mist, spider_nest_entry_webs,
          grunt_megastairs_2, uniq_nergalle
Lair:4:   layout_roguey, nicolae_volcano_entry_batcave
Lair:5:   gammafunk_lair_ancient_temple, layout_regular_city, slime_entry_1,
          chequers_serial_rivers_small_a
Swamp:1:  layout_basic_swamp, evilmike_swamp_ruin_house_1, uniq_donald,
          uniq_roxanne
Swamp:2:  layout_basic_swamp, hangedman_swamp_blocks
Swamp:3:  layout_falls_marsh, evilmike_swamp_ruin_rubble_2, swamp_pool3,
          nicolae_swamp_catching_bugs
Swamp:4:  swamp_basic_johnstein, layout_basic_swamp, swamp_pool5,
          nicolae_swamp_vermiculated
Spider:1: layout_spider_delve
Spider:2: layout_chambers, drop_trap, hangedman_spider_tarantella_strand
Spider:3: nicolae_spider_mines_3, spiders_nest_hornet_nest, uniq_nikola,
          uniq_louise
Spider:4: grunt_spider_rune_circles
Orc:1:    layout_caves, basic_altar
Orc:2:    st_orc_rangers, layout_caves, basic_altar, mines1_david
Elf:1:    layout_loops_cross, minmay_elf_annihilation, minmay_misc_feat_rows
Elf:2:    nicolae_elf_blades_crystal_corner, layout_gridlike, minivault_16
Elf:3:    grunt_elf_hall_diamonds, layout_loops_ring, serial_glass,
          glass_columns_b, glass_columns_c, columned_hall_lemuel
Vaults:1: v_misc_30, gammafunk_its_a_trap, v_misc_14, vaults_room_door_ring,
          v_misc_9, v_misc_31, grunt_vaults_funnel,
          nicolae_vaults_border_crossing, vaults_dpeg_emergency_exit,
          vaults_room_stairs_pillars, layout_vaults_chaotic_city
Vaults:2: hangedman_vaults_maws, dpeg_vaults_monster_box, grunt_vaults_swirl,
          nicolae_vaults_hallways_thing, nicolae_vaults_back_hallway,
          nicolae_vaults_network_square, ontoclasm_vaults_fault,
          nicolae_vaults_specimen_jars, nicolae_vaults_arrows,
          nicolae_vaults_little_squares_3, grunt_vaults_diagonal,
          hangedman_vaults_slice, vaults_dpeg_encased_lava,
          layout_vaults_maze_bifur, serial_shops, shop_fountains, uniq_boris,
          uniq_mennas
Vaults:3: minmay_crypt_entry_skeletal_spiral, nicolae_vaults_puzzle_piece,
          hangedman_vaults_impose, ontoclasm_vaults_decontamination,
          vaults_room_door_ring, hangedman_vaults_pinch,
          ontoclasm_vaults_ring_small, vaults_room_door_hall, v_misc_23,
          vaults_room_fours, nicolae_vaults_little_ls, vaults_standard_mumra_x,
          nicolae_vaults_network_periphery, vaults_room_pools,
          nicolae_vaults_little_squares_6, layout_vaults_omnibox
Vaults:4: nicolae_vaults_network_s, vaults_room_fours, v_rooms_2, v_misc_29,
          v_misc_29, vaults_room_ringed_pool, ontoclasm_vaults_chip,
          ontoclasm_vaults_twist, vaults_dpeg_diagonal, vaults_dpeg_hooks,
          layout_vaults_omnigrid
Vaults:5
Depths:1: layout_cave_shapes, abyss_entry_glasseish, hellmouth_1,
          rand_demon_pan_entry_8, nrook_pool_corridor, hangedman_decor_riveting,
          dancing_weapons_uskayaw, minmay_shop_grove
Depths:2: lightli_eight_chambers, layout_basic, enter_ziggurat_b, pan_entry,
          abyss_entry_flame_altar, hangedman_tar_grid_catacomb,
          xom_confusion_cloud
Depths:3: minmay_tri_stars, layout_cave_shapes,
          nicolae_hell_entry_hellmouth_sunbeams,
          nicolae_kikubaaqudgha_miasma_corner, abyss_entry, ebering_ghost_xom,
          uniq_josephina
Depths:4: lemuel_castle_with_subvaults [lemuel_castle_interior_carwin_2],
          layout_cave_shapes, pf_vacation_house_of_asmodeus,
          abyss_entry_crystal, serial_shops,
          nicolae_shop_temple_entry_statues_fountains, grunt_pan_entry_sceptre,
          grunt_decor_cap, serial_bayou_shore_b, uniq_xtahua
Zot:1:    grunt_zot_stairs_faceoff, layout_cathedral_of_symmetry, st_stairs_5,
          uniq_vv
Zot:2:    layout_gridlike
Zot:3:    gammafunk_mikee_crab_dinner, layout_misc_corridors, evilmike_ambush
          [evilmike_ambush_outer_pillars, evilmike_ambush_inner_basic]
Zot:4:    layout_gridville
Zot:5:    layout_gridlike, grunt_ministairs_2, nrook_zot_tub

Skill      XL: |  1  2  3  4  5  6  7  8  9 10 11 12 13 14 15 16 17 18 19 20 21 22 23 24 25 26 |
---------------+-------------------------------------------------------------------------------+-----
Fighting       | 2 3 4 5 6 7 8 10 11 12 13 14 15 17 19 20 22 23 | 23.3
Armour         | 1 2 3 5 7 10 11 12 14 15 16 20 21 22 | 22.0
Maces & Flails | 1 2 |  2.5
Evocations     | 2 3 5 8 9 10 12 13 14 15 18 | 18.0
Axes           | 2 5 8 9 11 14 16 17 | 17.9
Invocations    | 3 4 8 10 12 13 14 | 14.0
Dodging        | 4 6 7 8 9 10 12 14 | 14.0
Shields        | 3 8 14 15 17 20 21 22 | 22.0
Throwing       | 3 9 11 16 17 20 | 20.0
Ranged Weapons | |  2.1
Spellcasting   | |  1.0
Hexes          | |  2.0

Action                     |  1- 3 |  4- 6 |  7- 9 | 10-12 | 13-15 | 16-18 | 19-21 | 22-24 | 25-27 || total
---------------------------+-------+-------+-------+-------+-------+-------+-------+-------+-------++-------
  Melee: Flail             |    21 |    47 |       |       |       |       |       |       |       ||    68
         Headbutt          |     2 |    22 |    38 |   118 |   300 |   232 |   356 |   627 |   336 ||  2031
         War axe           |       |    64 |   178 |   320 |       |   435 |   438 |  1157 |       ||  2592
         Punch             |       |       |     4 |     3 |       |       |       |       |       ||     7
         Broad axe         |       |       |       |   208 |  1078 |   493 |   706 |   609 |   881 ||  3975
   Fire: Sling             |    82 |       |     6 |     9 |    13 |       |       |       |       ||   110
         Shortbow          |       |       |       |    10 |       |       |       |       |       ||    10
  Throw: Stone             |       |       |    17 |       |       |       |       |       |       ||    17
         Throwing net      |       |       |     1 |       |       |       |       |       |       ||     1
         Boomerang         |       |       |     2 |    28 |    14 |    23 |    21 |    15 |    19 ||   122
         Dart              |       |       |       |     1 |    18 |    20 |     9 |       |       ||    48
         Javelin           |       |       |       |       |     1 |     1 |       |    17 |    11 ||    30
   Cast: Slow              |     2 |       |       |       |       |       |       |       |       ||     2
 Invoke: Heroism           |       |       |     3 |     5 |    11 |    27 |     8 |    21 |    12 ||    87
         Finesse           |       |       |       |       |     1 |     1 |       |     4 |     1 ||     7
         Duel              |       |       |       |       |       |     1 |       |     2 |       ||     3
  Evoke: Wand              |       |     2 |     7 |     2 |       |     3 |     4 |     1 |     6 ||    25
         Tin of tremorston |       |       |       |       |       |     6 |     3 |     5 |     2 ||    16
         Condenser vane    |       |       |       |       |       |     2 |     4 |     1 |     1 ||     8
         Phial of floods   |       |       |       |       |       |     1 |       |       |       ||     1
    Use: Potion            |     3 |     1 |       |     1 |     2 |     2 |     3 |     4 |    10 ||    26
         Scroll            |       |     4 |    10 |     3 |    13 |     6 |     1 |     8 |    16 ||    61
   Stab: Sleeping          |       |     3 |       |       |       |       |       |       |       ||     3
         Paralysed         |       |       |       |     1 |       |       |       |       |       ||     1
         Petrified         |       |       |       |       |     4 |       |       |       |       ||     4
         Distracted        |       |       |       |       |       |     1 |       |       |     3 ||     4
 Armour: Robe              |     5 |    31 |       |       |       |       |       |       |       ||    36
         Leather armour    |     7 |       |       |       |       |       |       |       |       ||     7
         Chain mail        |       |       |    58 |    41 |   508 |   255 |   389 |   376 |       ||  1627
         Plate armour      |       |       |    15 |   180 |       |       |       |       |       ||   195
         Gold dragon scale |       |       |       |       |       |       |       |    75 |   281 ||   356
  Dodge: Dodged            |    46 |    89 |    47 |   158 |   288 |   159 |   221 |   376 |   236 ||  1620
  Block: Buckler           |       |       |       |    60 |    84 |       |       |       |       ||   144
         Kite shield       |       |       |       |       |   103 |       |       |   181 |   575 ||   859
         Tower shield      |       |       |       |       |   306 |   825 |  1109 |  1215 |       ||  3455
         Reflection        |       |       |       |       |    74 |    65 |    33 |    46 |       ||   218

Table legend: (Time is in decaauts)
 A = Elapsed time spent in this place.
 B = Non-inter-level travel time spent in this place.
 C = Inter-level travel time spent in this place.
 D = Time resting spent in this place.
 E = Time spent auto-exploring this place.
 F = Levels seen in this place.
 G = Mean time per level.
                   A        B        C        D        E       F      G
               +--------+--------+--------+--------+--------+-----+--------+
         Total |  72754 |  61110 |  11644 |  17915 |  28865 |  53 | 1372.7 |
       Dungeon |  20091 |  16398 |   3693 |   3373 |   9820 |  15 | 1339.4 |
          Lair |   8847 |   6855 |   1992 |   2226 |   3399 |   5 | 1769.4 |
         Swamp |   5686 |   4982 |    704 |   1727 |   1989 |   4 | 1421.5 |
   Spider Nest |   6872 |   5532 |   1340 |   1961 |   2263 |   4 | 1718.0 |
  Orcish Mines |   2150 |   1617 |    533 |    405 |    755 |   2 | 1075.0 |
   Elven Halls |   5349 |   4567 |    782 |   1619 |   1931 |   3 | 1783.0 |
        Vaults |  11829 |  10778 |   1051 |   3283 |   5074 |   5 | 2365.8 |
        Depths |   7109 |   5953 |   1156 |   1650 |   2609 |   4 | 1777.2 |
           Zot |   2952 |   2561 |    391 |    935 |    427 |   5 |  590.4 |
       Ossuary |    295 |    295 |      0 |    101 |    111 |   1 |  295.0 |
      Ice Cave |   1040 |   1040 |      0 |    346 |    399 |   1 | 1040.0 |
       Volcano |    468 |    468 |      0 |    246 |     86 |   1 |  468.0 |
         Arena |     62 |     62 |      0 |     39 |      0 |   3 |   20.7 |
               +--------+--------+--------+--------+--------+-----+--------+

Top non-repeatable levels by time:
   Elf:3: 2690 daAuts
Vaults:5: 2571 daAuts
    D:12: 2535 daAuts
Vaults:2: 2478 daAuts
Vaults:1: 2399 daAuts
  Lair:3: 2365 daAuts
Depths:4: 2259 daAuts
Vaults:4: 2231 daAuts
Spider:2: 2221 daAuts
 Swamp:4: 2221 daAuts
Vaults:3: 2148 daAuts
Spider:4: 2070 daAuts
    D:11: 2052 daAuts
  Lair:1: 1928 daAuts
Depths:3: 1743 daAuts
